cohdb
Replays
Latest Replays
All Replays
Popular Replays
Top Player Replays
Match Explorer
How It Works
Community
CoH3 Stats
Reddit
Sign in to upload your games and track your stats! →
Sign in with Steam
Match 25656502
Unlisted
Match 25656502
Overview
Messages
Build Orders
End
Kettenkrad Recon Vehicle
Construct Infanterie Kompanie
MG 42 Machine Gun Team
Pioneer Squad
MG 42 Machine Gun Team
Sniper
Construct Panzergrenadier Kompanie
251 Medium Carrier
Medical Station
Pak 40 Anti-tank Gun Team
Panzergrenadier Squad
MG 42 Machine Gun Team
Construct Panzer Kompanie
Pioneer Squad
Stoßtruppen Squad
Sturmpanzer IV Brummbär
Selects Luftwaffe Battlegroup
Selects Reconnaissance Run
Selects Fallschirmjäger Squad Paradrop
Selects Stuka Loiter
Selects Luftwaffe Pioneer Support
Reconnaissance Run
Stuka Loiter
Reconnaissance Run
Pioneer Squad
Sturmpanzer IV Brummbär
Side Skirts
ConcernedApe
Devoli
KrankyCrab
Summer
0
0
Comments
sign in to comment!
No comments posted yet!